 Dungeon Crawl Stone Soup version 0.28-b1-25-g9875b3fc8c (webtiles) character file.

Game seed: 17291265152691955308

408 croobank the Cutter (level 6, -2/48 HPs)
             Began as a Vampire Abyssal Knight on Feb 1, 2022.
             Was a Believer of Lugonu.
             Splashed by a jelly's acid (9 damage)
             ... on level 4 of the Dungeon.
             The game lasted 00:11:34 (2901 turns).

croobank the Cutter (Vampire Abyssal Knight)        Turns: 2901, Time: 00:11:35

Health: -2/48      AC: -3    Str: 14    XL:     6   Next: 57%
Magic:  7/7        EV: 11    Int: 13    God:    Lugonu [**....]
Gold:   191        SH:  3    Dex: 14    Spells: 5/5 levels left

rFire   . . .      SeeInvis +   a - +1 short sword
rCold   . . .      Faith    .   h - +0 buckler
rNeg    . . .      Spirit   .   k - +1 ring mail
rPois   .          Reflect  .   g - +0 helmet
rElec   .          Harm     .   (no cloak)
rCorr   .          Rampage  .   (no gloves)
Will    .....                   j - +0 pair of boots
Stlth   +.........              (no amulet)
HPRegen 0.36/turn               (no ring)
MPRegen 0.10/turn               (no ring)

@: corroded, healing quickly
A: alive, fangs 3, see invisible, vampiric 2
a: Exsanguinate, Renounce Religion, Depart the Abyss, Bend Space


You were on level 4 of the Dungeon.
You worshipped Lugonu.
Lugonu was pleased with you.
You visited 1 branch of the dungeon, and saw 4 of its levels.
You visited the Abyss 1 time.

You collected 191 gold pieces.

Inventory:

Hand Weapons
 a - a +1 short sword (weapon)
 c - a +0 flail
Missiles
 e - 53 stones (quivered)
 m - 4 poisoned darts
 p - 40 arrows
Armour
 b - a +0 leather armour
 g - a +0 helmet (worn)
 h - a +0 buckler (worn)
 j - a +0 pair of boots (worn)
 k - a +1 ring mail (worn)
Wands
 f - a wand of iceblast (3)
 o - a wand of polymorph (9)
Scrolls
 n - a scroll of teleportation
Potions
 d - a potion of attraction
 i - a potion of curing
 l - a potion of flight


   Skills:
 + Level 3.6 Fighting
 + Level 4.7 Short Blades
 + Level 2.5 Armour
 + Level 3.8 Dodging
 + Level 2.3 Stealth
 + Level 0.3 Shields
 + Level 0.1 Unarmed Combat
 + Level 1.6 Invocations
 + Level 0.4 Evocations


You had 5 spell levels left.
You didn't know any spells.
Your spell library contained the following spells:

 Spells                   Type           Power      Damage    Failure   Level
 Pain                     Necr           0%         1d4       63%         1
 Agony                    Necr           0%         N/A       100%        5
 Excruciating Wounds      Necr           0%         N/A       100%        5


Dungeon Overview and Level Annotations

Branches:
Dungeon (4/15)
 Temple: D:4-7

Altars:

Annotations:
D:2 Terence


Innate Abilities, Weirdness & Mutations

Your natural rate of healing is accelerated.
You have razor-sharp teeth.
You have supernaturally acute eyesight. (SInv)
You are afflicted with vampirism and can become a bat while bloodless.


Message History

Aim: a jelly (lightly wounded, 89% to hit)
You throw a stone. The stone hits the jelly.
The jelly is lightly wounded.
Aiming: Iceblast
Press: ? - help, Shift-Dir - straight line, p - jelly
Okay, then.
Throw: 53 stones
Press: ? - help, Q - select action, (/) - cycle Shift-Dir - straight line, f/p - jelly
Aim: a jelly (lightly wounded, 89% to hit)
Okay, then.
Aiming: Polymorph
Press: ? - help, Shift-Dir - straight line, f/p - jelly
Aim: a jelly (lightly wounded, will become an adder, a swamp drake, or a killer bee, chance to affect: 58%)
Okay, then.
Aiming: Iceblast
Press: ? - help, Shift-Dir - straight line, f/p - jelly
Aim: a jelly (lightly wounded) That beam is likely to hit you.
Continue anyway?
The mass of ice explodes!
The iceblast engulfs the jelly!
The jelly is almost dead.
The iceblast engulfs you! The jelly hits you.
You are splashed with acid!
You hit the jelly. The acid corrodes you!
Your hands burn!
The jelly is almost dead.
The jelly barely misses you.
Unknown command.
You hit the jelly but do no damage. The acid corrodes you!
Your hands burn!
The jelly is almost dead.
The jelly hits you.
You are splashed with acid!
You hit the jelly but do no damage. The acid corrodes you!
Your hands burn!
The jelly is almost dead.
The jelly hits you.
* * * LOW HITPOINT WARNING * * *
You are splashed with acid.
* * * LOW HITPOINT WARNING * * *
You completely miss the jelly. You bite the jelly, but do no damage.
The jelly is almost dead.
The jelly hits you.
* * * LOW HITPOINT WARNING * * *
You are splashed with acid!
You die...

#. #.####### .# #.......# .# #
#.......# .# # #.......#####.# #
#...........#.# ..... #
#.......###.#.# .... # #
#.......# #.#.##.... . # #.
#.......# #@J.(((.(. .. #
#.###.#.#########.........
#.................#.###.##.#.###
####............<................
....>............................
######.#.#.......#.#.###.##.#.###
#.#.#######.#.#.#
#.#...........#.#
#.####...#.####.# ##


You could see a jelly.

Vanquished Creatures
  Sigmund (D:2)
  A scorpion (D:4)
  A jelly (D:4)
  Jessica (D:2)
  Ijyb (D:3)
  Natasha (D:3)
  Robin (D:3)
  An adder (D:4)
  2 worms (D:2)
  2 dart slugs
  5 bats
  5 endoplasms
  4 giant cockroaches
  8 hobgoblins
  6 jackals
  2 kobolds
  3 quokkas
  6 ball pythons
  2 frilled lizards
  6 goblins (D:3)
  4 rats
63 creatures vanquished.

Notes
Turn   | Place    | Note
-------+----------+-------------------------------------------
     0 | Abyss:1  | croobank the Vampire Abyssal Knight began the quest for the
                  | Orb.
     0 | Abyss:1  | Reached XP level 1. HP: 17/17 MP: 2/2
    12 | D:1      | Escaped the Abyss
    15 | D:1      | Noticed an octopode
    15 | D:1      | Noticed a minotaur
    17 | D:1      | Noticed a ghoul
    19 | D:1      | Noticed a human
    21 | D:1      | Noticed a troll
    21 | D:1      | Noticed an elf
    23 | D:1      | Noticed a tengu
    25 | D:1      | Noticed a spriggan
    25 | D:1      | Noticed a merfolk
    27 | D:1      | Noticed a vampire
    29 | D:1      | Noticed a naga
    29 | D:1      | Noticed a formicid
    31 | D:1      | Noticed a demonspawn
    31 | D:1      | Noticed a felid
    33 | D:1      | Noticed a demigod
    33 | D:1      | Noticed a gargoyle
    35 | D:1      | Noticed a dwarf
    37 | D:1      | Noticed a vine stalker
    37 | D:1      | Noticed an ogre
    39 | D:1      | Noticed a draconian
   627 | D:2      | Reached XP level 2. HP: 23/23 MP: 3/3
   700 | D:2      | Found a faded altar of an unknown god.
   753 | D:2      | Noticed Terence
   968 | D:3      | Noticed Ijyb
  1031 | D:2      | Reached skill level 1 in Armour
  1040 | D:2      | Noticed Sigmund
  1043 | D:2      | Killed Sigmund
  1044 | D:2      | Reached skill level 3 in Short Blades
  1044 | D:2      | Gained mutation: You are afflicted with vampirism and can
                  | become a bat while bloodless. [Vampire growth]
  1044 | D:2      | Reached XP level 3. HP: 29/29 MP: 4/4
  1044 | D:2      | Reached XP level 4. HP: 35/35 MP: 5/5
  1044 | D:2      | Reached XP level 5. HP: 41/41 MP: 6/6
  1400 | D:2      | Noticed Jessica
  1411 | D:2      | Killed Jessica
  1412 | D:2      | Reached skill level 4 in Short Blades
  1727 | D:3      | Reached ** piety under Lugonu
  2069 | D:3      | Noticed Natasha
  2073 | D:3      | Noticed Robin
  2078 | D:3      | Killed Natasha
  2087 | D:3      | Killed Robin
  2088 | D:3      | Reached XP level 6. HP: 47/47 MP: 7/7
  2331 | D:3      | Killed Ijyb
  2901 | D:4      | Splashed by a jelly's acid

Illustrated notes

Levels and vault maps discovered:
D:1:      kb_arrival_jail, layout_loops_ring
D:2:      layout_loops_ring, dreamdust_ecumenical_altar_angels_and_demons,
          uniq_terence, uniq_sigmund, uniq_jessica
D:3:      layout_loops_ring, patterned_corridor, uniq_robin, uniq_natasha,
          uniq_ijyb
D:4:      layout_basic, lexackson_kobold_supper

Skill      XL: |  1  2  3  4  5 |
---------------+----------------+-----
Armour         | 2 |  2.5
Fighting       | 3 |  3.6
Short Blades   | 3 4 |  4.7
Dodging        | 3 |  3.8
Stealth        | 2 |  2.3
Shields        | |  0.3
Unarmed Combat | |  0.1
Invocations    | |  1.6
Evocations     | |  0.4

Action                   |  1- 3 |  4- 6 || total
-------------------------+-------+-------++-------
Melee: Short sword       |    59 |   144 ||   203
       Bite              |     5 |    17 ||    22
       Unarmed           |       |     2 ||     2
Throw: Stone             |       |     7 ||     7
Evoke: Wand              |     3 |     3 ||     6
  Use: Scroll            |     3 |     5 ||     8
       Potion            |     3 |     1 ||     4
 Stab: Sleeping          |     2 |       ||     2
Armor: Leather armour    |    52 |    15 ||    67
       Ring mail         |       |    26 ||    26
Dodge: Dodged            |    85 |    57 ||   142
Block: Buckler           |       |    20 ||    20
